 Dungeon Crawl Stone Soup version 0.26-a0-30-g56b8cd3df0 (webtiles) character file.

Game seed: 11039726732608599767, levelgen mode: deterministic

67573 vurker the Arsonist (level 14, -3/118 HPs)
             Began as a Demigod Fire Elementalist on June 4, 2020.
             Slain by an orc warrior
             ... wielding a +0 scimitar
              (15 damage)
             ... on level 1 of the Orcish Mines.
             The game lasted 00:57:00 (30597 turns).

vurker the Arsonist (Demigod Fire Elementalist)    Turns: 30597, Time: 00:57:01

Health: -3/118     AC: 13    Str: 11    XL:     14   Next: 43%
Magic:  9/34       EV: 12    Int: 27    God:
Gold:   1891       SH:  0    Dex: 16    Spells: 26/36 levels left

rFire    + . .     SeeInvis +   P - staff of energy
rCold    . . .     Gourm    .   (no shield)
rNeg     . . .     Faith    .   A - +2 robe {rC+}
rPois    .         Spirit   .   O - +2 helmet {SInv}
rElec    .         Reflect  .   H - +0 cloak
rCorr    .         Harm     .   I - +2 pair of gloves
MR       ++...                  l - +1 pair of boots
Stlth    ++........             c - amulet of magic regeneration
HPRegen  0.29/turn              m - ring of fire
MPRegen  0.49/turn              f - ring of protection from magic

@: no status effects
A: high mp 1
a: no special abilities


You were on level 1 of the Orcish Mines.
You were not hungry.

You visited 3 branches of the dungeon, and saw 19 of its levels.
You also visited: Sewer, Ossuary, Gauntlet and Ice Cave.

You collected 1891 gold pieces.

Inventory:

Hand Weapons
 b - a +2 dagger of electrocution
   (You took it off an orc on level 5 of the Dungeon)
Armour
 l - a +1 pair of boots (worn)
   (You found it on level 2 of the Dungeon)
 A - a +2 robe of cold resistance (worn)
   (You took it off a wight on level 7 of the Dungeon)
 H - a +0 cloak (worn)
   (You took it off Maurice on level 8 of the Dungeon)
 I - a +2 pair of gloves (worn)
   (You found it on level 11 of the Dungeon)
 O - a +2 helmet of see invisible (worn)
   (You found it in a Gauntlet)
Magical Staves
 a - an uncursed staff of poison
   (You found it on level 6 of the Dungeon)
 z - an uncursed staff of conjuration
   (You found it in an ice cave)
 B - an uncursed staff of wizardry
   (You found it on level 6 of the Dungeon)
 P - an uncursed staff of energy (weapon)
   (You found it in a Gauntlet)
Jewellery
 c - an amulet of magic regeneration (around neck)
   (You found it on level 4 of the Dungeon)
 f - a ring of protection from magic (right hand)
   (You found it on level 8 of the Dungeon)
 j - the ring "Dubacih" {rF+ Str+4 Dex+2 SInv}
   (You took it off a meliai in a Gauntlet)

   [ring of protection from fire]

   It affects your strength (+4).
   It affects your dexterity (+2).
   It protects you from fire.
   It lets you see invisible.
 m - a ring of fire (left hand)
   (You found it on level 2 of the Dungeon)
 J - an uncursed ring of ice
   (You found it in an ice cave)
 M - an uncursed ring of magical power
   (You found it in a Gauntlet)
Wands
 d - a wand of iceblast (10)
   (You found it on level 1 of the Lair of Beasts)
 p - a wand of enslavement (9)
   (You found it on level 5 of the Dungeon)
 x - a wand of acid (6)
   (You found it on level 4 of the Lair of Beasts)
 C - a wand of polymorph (12)
   (You found it on level 7 of the Dungeon)
Scrolls
 g - 4 scrolls of amnesia
 i - 7 scrolls of teleportation
 n - 6 scrolls of remove curse
 v - a scroll of enchant armour
 w - 5 scrolls of magic mapping
 y - 3 scrolls of fog
 K - 6 scrolls of fear
 L - 2 scrolls of enchant weapon
 N - a scroll of identify
Potions
 h - 3 potions of mutation
 k - 4 potions of invisibility
 o - 8 potions of heal wounds
 q - 2 potions of flight
 r - 3 potions of lignification
 t - 10 potions of curing
 u - 4 potions of brilliance
 E - 2 potions of ambrosia
 G - 2 potions of cancellation
Comestibles
 e - 35 rations
 s - 6 chunks of flesh


   Skills:
 + Level 9.6 Fighting
 - Level 1.7 Dodging
 - Level 1.7 Stealth
 + Level 11.7 Spellcasting
 * Level 13.1 Conjurations
 * Level 13.3 Fire Magic


You had 26 spell levels left.
You knew the following spells:

 Your Spells              Type           Power        Failure   Level  Hunger
a - Foxfire               Conj/Fire      ####         0%          1    None
q - Sticky Flame          Conj/Fire      #######.     1%          4    None
z - Fireball              Conj/Fire      #######...   1%          5    None

Your spell library contained the following spells:

 Spells                   Type           Power        Failure   Level  Hunger
 Shock                    Conj/Air       ####         1%          1    None
 Conjure Flame            Conj/Fire      #######.     1%          3    None
 Inner Flame              Hex/Fire       ######..     1%          3    None
 Static Discharge         Conj/Air       ######..     1%          3    None
 Hailstorm                Conj/Ice       ######..     2%          4    None
 Bolt of Magma            Conj/Fire/Erth #######...   2%          5    None
 Beastly Appendage        Tmut           ###...       3%          1    None
 Freeze                   Ice            ###.         3%          1    None
 Summon Small Mammal      Summ           ###.         3%          1    None
 Call Imp                 Summ           ###.....     5%          2    None
 Sticks to Snakes         Tmut           ###.....     5%          2    None
 Swiftness                Chrm/Air       ###.....     5%          2    None
 Iskenderun's Battlesphe  Conj/Chrm      ######..     7%          5    None
 Lightning Bolt           Conj/Air       ######....   7%          5    None
 Call Canine Familiar     Summ           ###.....     11%         3    None
 Frozen Ramparts          Ice            ###...       11%         3    None
 Ozocubu's Armour         Chrm/Ice       ###.....     11%         3    None
 Spider Form              Tmut/Pois      ###.......   11%         3    None
 Summon Guardian Golem    Hex/Summ       ###.....     11%         3    None
 Orb of Destruction       Conj           ######....   14%         7    None
 Airstrike                Air            ###.......   34%         4    None
 Ice Form                 Ice/Tmut       ###.....     34%         4    None
 Leda's Liquefaction      Hex/Erth       ###.......   34%         4    None
 Summon Ice Beast         Ice/Summ       ###.....     34%         4    None
 Summon Lightning Spire   Summ/Air       ###.....     34%         4    None
 Iron Shot                Conj/Erth      ######....   36%         6    None
 Blade Hands              Tmut           ###.......   69%         5    None
 Spellforged Servitor     Conj/Summ      ######....   91%         7    None
 Statue Form              Tmut/Erth      ###......    99%         6    None
 Shatter                  Erth           ###.......   100%        9    None


Dungeon Overview and Level Annotations

Branches:
Dungeon (11/15)            Temple (0/1) D:7            Lair (6/6) D:9
  Swamp (0/4) Lair:2       Spider (0/4) Lair:3        Slime (0/5) Lair:6
    Orc (2/2) D:9           Sewer (visited)         Ossuary (visited)
  IceCv (visited)         Gauntlet (visited)
    Elf: Orc:2

Shops:
D:4 :   D:5 *   D:6 (   D:9 [

Portals:
Trove: D:11 (give +6 demon blade)

Annotations:
Lair:3 1 runed translucent door, Siteim's ghost, journeyman MiAK
Lair:5 1 runed translucent door, Seod's ghost, journeyman FoAK


Innate Abilities, Weirdness & Mutations

You have an increased reservoir of magic. (+10% MP)


Message History

You kill the orc knight!
The orc knight roars a battlecry!
Aim: an orc warlord, wielding a +0 arbalest, wearing a +0 plate armour and quivering 13 bolts (heavily wounded, strong)
You feel a surge of power!
The fireball explodes!
The fireball engulfs the orc warlord!
The fireball engulfs the orc knight!
The fireball engulfs the ogre!!
You hear a shout! x3
Aim: an orc warlord, wielding a +0 arbalest, wearing a +0 plate armour and quivering 13 bolts (severely wounded, strong)
You feel a surge of power!
The fireball explodes!
The fireball engulfs the orc warlord!!
The fireball engulfs the orc knight!!
The orc warlord no longer looks unusually strong.
The orc no longer looks unusually strong.
The orc knight closely misses you.
An orc warrior comes into view. It is wielding a -2 hand axe.
The orc warlord roars a battlecry!
The orc goes into a battle-frenzy!
Aim: an orc warlord, wielding a +0 arbalest, wearing a +0 plate armour and quivering 13 bolts (almost dead)
You feel a surge of power!
The fireball explodes!
The fireball engulfs the orc warlord!!
You kill the orc warlord!
The fireball engulfs the orc knight!!
The fireball engulfs the ogre!!!
You kill the ogre!
You hear a shout!
The orc knight no longer looks unusually strong.
The orc warrior no longer looks unusually strong.
The orc knight hits you from afar with a +3 glaive of protection!!
* * * LOW HITPOINT WARNING * * *
Aim: an orc knight, wielding a +3 glaive of protection and wearing a +0 chain mail (almost dead, strong)
You feel a surge of power!
The fireball explodes!
The fireball engulfs the orc knight!
You kill the orc knight!
The fireball engulfs the orc!!
You kill the orc!
The fireball engulfs the orc!!
You kill the orc!
You hear a shout!
The orc knight roars a battlecry!
You don't have enough magic to cast that spell.
Found 21 gold pieces.
An orc comes into view. It is wielding a +0 hand axe.
The orc warrior no longer looks unusually strong.
An orc warrior comes into view. It is wielding a +0 scimitar.
An orc comes into view. It is wielding a +0 club.
An orc warrior comes into view. It is wielding a +0 battleaxe.
The orc warrior closely misses you.
The orc warrior shouts!
You hear a shout!
The orc no longer looks unusually strong.
The orc hits you but does no damage.
The orc warrior hits you with a +0 scimitar!
You die...

###.$...##.....#.
#....#oo.#.......
###...##o.#.......
#...o##..o...#
#..)####...###
##)o#.###....#
#.#)).)....o.#
####......o..#
#.......@.#
#.......o..#
.....#......#
##..#####..o##
#..# #...# #..
#..o. )).....
)).....).
..O...#.....


You could see an orc knight, 5 orc warriors and 3 orcs.

Vanquished Creatures
  An orc warlord (Orc:1)
  An entropy weaver (Gauntlet)
  2 dire elephants (Lair:6)
  A white draconian (IceCv)
  A minotaur (Gauntlet)
  Josephine (D:10)
  A fire dragon (Lair:6)
  2 catoblepae (Lair:6)
  2 anacondas (Lair:5)
  2 two-headed ogres
  3 death yaks (Lair:6)
  Nergalle (Lair:2)
  A swamp dragon (Lair:6)
  An unseen horror (D:9)
  2 orc knights (Orc:1)
  2 lindwurms (Lair:6)
  An ugly thing (D:11)
  6 elephants
  2 cyclopes
  2 manticores (Lair:6)
  7 black mambas
  Maurice (D:8)
  A torpor snail (Lair:6)
  An ice statue (IceCv)
  A gargoyle (D:11)
  10 spiny frogs
  5 rime drakes
  7 komodo dragons
  2 ice devils (Lair:4)
  A queen bee (D:8)
  3 meliai (Gauntlet)
  A jumping spider (Gauntlet)
  17 polar bears
  A hornet (D:9)
  2 bog bodies (Lair:2)
  17 blink frogs
  6 dream sheep
  10 hippogriffs
  3 flying skulls (Gauntlet)
  A redback (Gauntlet)
  4 wraiths (D:10)
  3 basilisks
  5 wyverns
  60 yaks
  2 steam dragons (Lair:6)
  2 hungry ghosts (D:11)
  4 wargs
  A soldier ant (D:10)
  2 acid dragons (Lair:6)
  10 porcupines
  15 water moccasins
  4 sky beasts
  6 black bears
  An eye of draining (D:7)
  11 orc warriors
  13 ogres
  4 ice beasts
  A swamp drake (Lair:6)
  A phantom (D:5)
  A necrophage (D:10)
  A centaur (D:10)
  13 wolves
  6 big kobolds
  15 crocodiles
  4 elf zombies (Ossuary)
  20 bullfrogs
  3 scorpions
  25 killer bees
  3 wights (D:7)
  An electric eel (D:6)
  2 bullfrog zombies
  3 crimson imps
  A quasit (D:11)
  6 hounds
  5 human zombies (Ossuary)
  6 jellies
  A bullfrog skeleton (D:5)
  3 centaur zombies (Ossuary)
  13 orc priests
  18 orc wizards
  3 iguanas
  9 worker ants
  3 mummies (Ossuary)
  A hound zombie (D:8)
  4 hound skeletons
  A worker ant zombie (D:11)
  8 gnolls (D:5)
  A howler monkey skeleton (D:10)
  16 adders
  4 river rats (Sewer)
  3 shadow imps
  5 oozes
  An adder zombie (D:5)
  2 adder skeletons
  3 worms
  A dart slug (D:1)
  6 leopard geckos
  89 orcs
  5 ball pythons (Sewer)
  6 giant cockroaches
  40 goblins
  22 hobgoblins
  10 jackals
  3 quokkas
  6 bats
  4 frilled lizards
  A jackal skeleton (D:7)
  27 kobolds
  A leopard gecko skeleton (D:4)
  A quokka skeleton (D:4)
  21 rats
  A butterfly (Lair:2)
  5 fungi
  3 plants (Lair:6)
747 creatures vanquished.

Vanquished Creatures (collateral kills)
  An orc (D:8)
  4 rats (Sewer)
5 creatures vanquished.

Vanquished Creatures (others)
  2 yaks (IceCv)
  6 wolves (IceCv)
  An orc wizard (Orc:2)
  2488 foxfires
  19 fungi
  7 plants
  4 withered plants (Gauntlet)
2527 creatures vanquished.

Grand Total: 3279 creatures vanquished

Notes
Turn   | Place    | Note
-------+----------+-------------------------------------------
     0 | D:1      | vurker the Demigod Fire Elementalist began the quest for
                  | the Orb.
     0 | D:1      | Reached XP level 1. HP: 14/14 MP: 5/5
    63 | D:1      | Reached skill level 1 in Conjurations
   357 | D:1      | Reached XP level 2. HP: 19/20 MP: 2/7
   972 | D:2      | Found a radiant altar of Vehumet.
  1200 | D:2      | Reached XP level 3. HP: 27/27 MP: 8/8
  2140 | D:3      | Reached skill level 1 in Fighting
  2150 | D:3      | Reached XP level 4. HP: 35/35 MP: 4/10
  2741 | D:3      | Reached XP level 5. HP: 40/40 MP: 6/12
  3474 | D:4      | Found a white marble altar of Elyvilon.
  3720 | D:4      | Found a glowing drain.
  3724 | Sewer    | Entered a sewer
  3858 | Sewer    | Reached XP level 6. HP: 48/48 MP: 11/14
  3864 | Sewer    | Learned a level 4 spell: Sticky Flame
  3927 | Sewer    | Learned a level 5 spell: Fireball
  4605 | D:4      | Found Pitz's Book Shop.
  4654 | D:4      | Found a glowing silver altar of Zin.
  5110 | D:4      | Found a sparkling altar of Nemelex Xobeh.
  5128 | D:4      | Found an opulent altar of Gozag.
  5194 | D:5      | Entered Level 5 of the Dungeon
  5232 | D:5      | Reached XP level 7. HP: 56/56 MP: 10/16
  5610 | D:5      | Reached skill level 5 in Fire Magic
  5808 | D:5      | Found Ymax's General Store.
  6184 | D:5      | Reached XP level 8. HP: 63/63 MP: 9/18
  6201 | D:5      | Reached skill level 5 in Conjurations
  6376 | D:5      | Reached skill level 5 in Spellcasting
  7172 | D:6      | Found a glowing golden altar of the Shining One.
  7172 | D:6      | Found a shimmering altar of Xom.
  7228 | D:6      | Found an iron altar of Okawaru.
  7565 | D:6      | Found Halam's Antique Weapon Boutique.
  7673 | D:6      | Found a sand-covered staircase.
  7686 | Ossuary  | Entered an ossuary
  8080 | Ossuary  | Reached XP level 9. HP: 53/71 MP: 6/21
  9283 | D:7      | Found a staircase to the Ecumenical Temple.
  9829 | D:8      | Noticed Maurice
  9848 | D:8      | Killed Maurice
  9938 | D:7      | HP: 3/73 [poisoned by a killer bee]
  9946 | D:7      | HP: 2/73 [poisoned by a killer bee]
  9954 | D:7      | HP: 2/73 [poisoned by a killer bee]
 10465 | D:8      | Reached skill level 5 in Fighting
 10757 | D:8      | Reached XP level 10. HP: 81/81 MP: 21/24
 11168 | D:8      | Found a roughly hewn altar of Beogh.
 11466 | D:8      | Found a snail-covered altar of Cheibriados.
 11473 | D:8      | Noticed a two-headed ogre
 11478 | D:8      | Killed a two-headed ogre
 11870 | D:9      | Found a staircase to the Orcish Mines.
 12139 | D:9      | Found Reekes's Armour Boutique.
 12253 | D:9      | Killed an unseen horror
 12920 | D:9      | Found a staircase to the Lair.
 12973 | D:9      | Found a shattered altar of Ashenzari.
 13065 | D:9      | Noticed a cyclops
 13075 | D:9      | Killed a cyclops
 13075 | D:9      | Reached XP level 11. HP: 58/89 MP: 20/27
 13355 | D:10     | Entered Level 10 of the Dungeon
 14409 | D:10     | Noticed Josephine
 14420 | D:10     | Killed Josephine
 15894 | D:11     | Noticed a two-headed ogre
 15904 | D:11     | Killed a two-headed ogre
 16330 | D:11     | Found a portal to a secret trove of treasure.
 16541 | Lair:1   | Entered Level 1 of the Lair of Beasts
 16679 | Lair:1   | Reached skill level 10 in Fire Magic
 17100 | Lair:1   | Reached skill level 10 in Conjurations
 17400 | Lair:1   | Reached XP level 12. HP: 61/100 MP: 2/30
 18894 | Lair:2   | Found a staircase to the Swamp.
 19013 | Lair:2   | Noticed Nergalle
 19071 | Lair:2   | Killed Nergalle
 20067 | Lair:3   | Reached skill level 10 in Spellcasting
 20610 | Lair:3   | Found a runed translucent door.
 20611 | Lair:3   | Found a shimmering altar of Xom.
 20611 | Lair:3   | Noticed Siteim's ghost (journeyman MiAK)
 20634 | Lair:3   | Found a hole to the Spider Nest.
 21266 | Lair:4   | Found a frozen archway.
 21451 | IceCv    | Entered an ice cave
 23506 | IceCv    | Reached XP level 13. HP: 107/107 MP: 17/32
 23811 | IceCv    | Noticed a white draconian
 23821 | IceCv    | Killed a white draconian
 25136 | Lair:5   | Found the +7 sceptre of Torment {pain, torment}
 25180 | Lair:5   | Found a gate leading to a gauntlet.
 25190 | Gauntlet | Entered a Gauntlet
 25190 | Gauntlet | Found a transporter.
 25190 | Gauntlet | Found a transporter.
 25191 | Gauntlet | Found a transporter.
 25191 | Gauntlet | Found a transporter.
 25194 | Gauntlet | Found a transporter.
 25194 | Gauntlet | Found a transporter.
 25206 | Gauntlet | Found a transporter.
 25208 | Gauntlet | Found a transporter.
 25213 | Gauntlet | Noticed an entropy weaver
 25218 | Gauntlet | Identified the ring "Dubacih" {rF+ Str+4 Dex+2 SInv}
 25220 | Gauntlet | Found a transporter.
 25318 | Gauntlet | Found a transporter.
 25322 | Gauntlet | Found a transporter.
 25332 | Gauntlet | Found a transporter.
 25491 | Gauntlet | Killed an entropy weaver
 25578 | Gauntlet | Got a pair of ancient gloves
 25892 | Gauntlet | Identified the +0 pair of gloves "Xaab" {-Cast Dex+3} (You
                  | found it in a Gauntlet)
 25908 | Gauntlet | Noticed a minotaur
 25911 | Gauntlet | Killed a minotaur
 27026 | Lair:5   | Found a runed translucent door.
 27030 | Lair:5   | Noticed Seod's ghost (journeyman FoAK)
 27148 | Lair:6   | Entered Level 6 of the Lair of Beasts
 28591 | Lair:6   | Reached XP level 14. HP: 116/118 MP: 9/34
 28800 | Lair:6   | Found a staircase to the Slime Pits.
 29819 | Orc:1    | Entered Level 1 of the Orcish Mines
 30355 | Orc:2    | Entered Level 2 of the Orcish Mines
 30475 | Orc:2    | Noticed an orc warlord
 30559 | Orc:1    | Noticed an orc warlord
 30583 | Orc:1    | Killed an orc warlord
 30597 | Orc:1    | Slain by an orc warrior

Illustrated notes

Levels and vault maps discovered:
D:1:      minmay_arrival_stone_box, layout_basic
D:2:      layout_loops_ring, vehumet_crystals
D:3:      layout_basic, first_ration, nicolae_underground_beach
D:4:      layout_layer_cave, grunt_temple_overflow_opulence,
          nicolae_overflow_crystal_walls, kennysheep_little_box,
          gup_sewer_entry_bowl, serial_shops, shop_statue
D:5:      minmay_goblin_kobold_castle, layout_basic, serial_shops,
          nicolae_shop_behind_doors
D:6:      layout_basic, kennysheep_okawaru_gauntlet,
          chequers_temple_overflow_statue_of_worship, serial_shops,
          nicolae_shop_crystal, nicolae_ossuary_entry_plus, dk_noncrumbling_3,
          nrook_pool_corridor
D:7:      layout_loops_ring, minmay_temple_entry_statues_fountains
D:8:      layout_basic, overflow_temple_1_default, special_room
          [special_room_orc], david_nohive_1, uniq_maurice
D:9:      layout_loops_corners, nicolae_overflow_hidden_temple,
          due_lair_maze_entry_diamond, serial_shops, shop, lightli_minifort
D:10:     layout_layer_cave, hangedman_decor_riveting, uniq_josephine
D:11:     layout_stronghold, enter_trove_1
Lair:1:   layout_regular_city, grunt_megastairs_3
Lair:2:   layout_cave_pods, skrybe_swamp_entry_bodies, lemuel_fruit_fields,
          uniq_nergalle
Lair:3:   layout_hall_layers, spider_nest_entry_web_field, ebering_ghost_xom,
          serial_bayou_pond_b
Lair:4:   layout_regular_city, portal_ice_cave_demonic_guard
Lair:5:   beast_lair_carwin_large_2, layout_loops_ring, gauntlet_entry_generic,
          ebering_ghost_reflecting_pool, serial_rivers,
          chequers_serial_rivers_small_b, chequers_serial_rivers_small_a,
          chequers_serial_rivers_large_a, chequers_serial_rivers_micro_e
Lair:6:   hangedman_lair_in_review, layout_small_grid, guppyfry_lair_end_dragon,
          nicolae_slime_entry_slimehenge, nicolae_volcano_entry_vermiform,
          lemuel_fruit_tree
Orc:1:    layout_diamond_mine, serial_shops, shop, special_room
          [special_room_orc], lightli_orcish_oven
Orc:2:    grunt_orc_tribal_feast, layout_diamond_mine, serial_shops,
          nicolae_shop_competitors_out_of_business, uniq_nessos

Skill      XL: |  1  2  3  4  5  6  7  8  9 10 11 12 13 14 |
---------------+-------------------------------------------+-----
Conjurations   | 1 2 3 4 6 7 8 10 11 12 13 | 13.1
Spellcasting   | 2 3 4 5 6 8 9 10 11 | 11.7
Fire Magic     | 3 4 5 6 7 9 10 11 12 13 | 13.3
Fighting       | 1 2 3 4 5 6 7 8 9 |  9.6
Dodging        | |  1.7
Stealth        | |  1.7

Action                   |  1- 3 |  4- 6 |  7- 9 | 10-12 | 13-15 || total
-------------------------+-------+-------+-------+-------+-------++-------
Melee: Dagger            |    35 |     5 |   132 |    22 |     6 ||   200
       Staff             |       |       |       |     6 |     2 ||     8
 Cast: Foxfire           |    85 |   199 |   503 |   877 |    56 ||  1720
       Sticky Flame      |       |       |    16 |   127 |    54 ||   197
       Fireball          |       |       |       |    39 |   226 ||   265
Evoke: Wand              |       |       |       |     4 |    18 ||    22
  Use: Scroll            |     3 |     3 |     5 |    12 |     5 ||    28
       Potion            |     2 |       |       |     1 |     4 ||     7
 Stab: Sleeping          |     1 |       |       |       |       ||     1
       Invisible         |     2 |       |       |       |       ||     2
  Eat: Chunk             |     4 |     9 |    13 |    37 |    13 ||    76
       Ration            |       |       |     2 |     3 |     3 ||     8
Armor: Robe              |    17 |     6 |    54 |   108 |    48 ||   233
Dodge: Dodged            |    71 |    20 |   168 |   199 |    92 ||   550

Table legend:
 A = Non-vault XP
 B = Vault XP
 C = Vault XP percentage of total XP
 D = Non-vault monster count
 E = Vault monster count
 F = Vault count percentage of total count
                 A         B        C        D         E       F
            +---------+---------+-------+---------+---------+-------
      Total |   48882 |   47651 |  49.4 |     431 |     313 |  42.1
            +---------+---------+-------+---------+---------+-------
        D:1 |      34 |       0 |   0.0 |      20 |       0 |   0.0
        D:2 |      48 |       0 |   0.0 |      17 |       0 |   0.0
        D:3 |     206 |       0 |   0.0 |      30 |       0 |   0.0
        D:4 |     358 |       6 |   1.6 |      19 |       4 |  17.4
        D:5 |     700 |     576 |  45.1 |      21 |      60 |  74.1
        D:6 |     664 |       4 |   0.6 |      15 |       2 |  11.8
        D:7 |    1091 |     124 |  10.2 |      28 |       2 |   6.7
        D:8 |    1743 |    2044 |  54.0 |      15 |      40 |  72.7
        D:9 |    2934 |    1757 |  37.5 |      38 |      12 |  24.0
       D:10 |    1249 |    1935 |  60.8 |      19 |       5 |  20.8
       D:11 |    3470 |       0 |   0.0 |      25 |       0 |   0.0
     Lair:1 |    6729 |     525 |   7.2 |      37 |       2 |   5.1
     Lair:2 |    3209 |    1323 |  29.2 |      14 |       3 |  17.6
     Lair:3 |    3589 |     600 |  14.3 |      14 |       3 |  17.6
     Lair:4 |    2830 |     682 |  19.4 |      12 |       2 |  14.3
     Lair:5 |    4939 |    3075 |  38.4 |      21 |       6 |  22.2
     Lair:6 |   10358 |   16416 |  61.3 |      42 |      39 |  48.1
      Orc:1 |    4306 |    1512 |  26.0 |      37 |       9 |  19.6
      Orc:2 |     425 |     291 |  40.6 |       7 |       5 |  41.7
      Sewer |       0 |     233 | 100.0 |       0 |      48 | 100.0
    Ossuary |       0 |     798 | 100.0 |       0 |      15 | 100.0
      IceCv |       0 |   11109 | 100.0 |       0 |      46 | 100.0
   Gauntlet |       0 |    4641 | 100.0 |       0 |      10 | 100.0
            +---------+---------+-------+---------+---------+-------
